 Dungeon Crawl Stone Soup version 0.30-a0-632-g346586fe48 (webtiles) character file.

Game seed: 9166275941387406537

99 IdlyInterested the Slasher (level 4, 0/34 HPs)
             Began as a Demonspawn Gladiator on Jan 13, 2023.
             Slain by Natasha (8 damage)
             ... on level 2 of the Dungeon.
             The game lasted 00:06:32 (1759 turns).

IdlyInterested the Slasher (Demonspawn Gladiator)   Turns: 1759, Time: 00:06:32

Health: 0/34       AC:  3    Str: 15    XL:     4   Next: 45%
Magic:  4/4        EV:  8    Int: 11    God:
Gold:   74         SH: 11    Dex: 14    Spells: 3/3 levels left

rFire   + . .      SeeInvis .    m - +1 short sword (vamp)
rCold   . . .      Faith    .    j - +0 tower shield
rNeg    . . .      Spirit   .    b - +0 leather armour
rPois   .          Reflect  .    (helmet restricted)
rElec   .          Harm     .    (no cloak)
rCorr   .          Rampage  .    (no gloves)
Will    .....                    (no boots)
Stlth   +                        (no amulet)
HPRegen 0.25/turn                n - ring of protection from fire
MPRegen 0.09/turn                (no ring)

@: no status effects
A: antennae 1, demonic magic 1
a: no special abilities


You were on level 2 of the Dungeon.
You visited 1 branch of the dungeon, and saw 2 of its levels.

You collected 74 gold pieces.

Inventory:

Hand Weapons
 a - a +0 long sword
 l - a +0 short sword
 m - a +1 vampiric short sword (weapon)
Missiles
 d - 2 throwing nets
 e - 5 javelins
 f - 28 stones (quivered)
Armour
 b - a +0 leather armour (worn)
 c - a +0 chain mail
 j - a +0 tower shield (worn)
Jewellery
 n - a ring of protection from fire (left hand)
Scrolls
 h - a scroll of magic mapping
Potions
 g - 2 potions of mutation {unknown}
 i - 2 potions of attraction
 k - 2 potions of flight {unknown}


   Skills:
 + Level 2.9 Fighting
 * Level 1.7(2.6) Short Blades
 - Level 3.0(3.3) Long Blades
 - Level 2.0 Throwing
 - Level 1.0 Armour
 - Level 2.6 Dodging
 - Level 1.0 Stealth
 * Level 0.7 Shields
 * Level 0.1 Spellcasting


You had 3 spell levels left.
You didn't know any spells.
Your spell library was empty.

Dungeon Overview and Level Annotations

Branches:
Dungeon (2/15)

Altars:

Annotations:
D:2 Natasha


Innate Abilities, Weirdness & Mutations

You have a pair of small antennae on your head.
Spells you cast may paralyse adjacent enemies.


Message History

Natasha hisses angrily.
Natasha stares at you and mumbles some strange words.
The magic dart hits you.
Natasha extends her claws.
Natasha casts a spell at you. The magic dart hits you!
You block Natasha's attack.
You barely miss Natasha. Natasha casts a spell at you. The magic dart hits you!
You block Natasha's attack.
You hit Natasha.
You feel better.
Natasha is moderately wounded.
You block Natasha's attack.
You hit Natasha.
Natasha is severely wounded.
Natasha closely misses you.
You closely miss Natasha.
Natasha is severely wounded.
Natasha closely misses you.
You barely miss Natasha.
Natasha is severely wounded.
You block Natasha's attack. x2
You closely miss Natasha.
Natasha is severely wounded.
You block Natasha's attack.
You hit Natasha but do no damage.
Natasha is severely wounded.
Natasha casts a spell at you. The magic dart hits you.
You barely miss Natasha.
Natasha is severely wounded.
Natasha mumbles some strange words.
You feel disoriented.
Natasha stares at you and mumbles some strange words.
The magic dart hits you.
* * * LOW HITPOINT WARNING * * *
You barely miss Natasha.
Natasha is severely wounded.
You block Natasha's attack. Natasha claws you!
You die...

#.#..§§§..#.###*,**
#)####§####...##.#
......§# ###.##.#
#.###### #.##.# #.#
#.##.# #.#* #.##.#
...* #.##.#
...****######.##.###
...,,,..........@h.#
#.****#.######.###.#
,,,** *,* #.# *,#
,,,,***,* #.# *,*
,,>,,,,,* #.# *,*
,,,,***** #(# *,*
,,,** #.# *,* *,**
*****#.#**,******
***
*,,,,,,,,,,,,,,,**


You could see Natasha.

Vanquished Creatures
  Terence (D:2)
  3 adders (D:2)
  A worm (D:2)
  A ball python (D:1)
  3 endoplasms (D:1)
  6 goblins (D:1)
  3 hobgoblins (D:1)
  5 kobolds
  9 quokkas
  A bat (D:1)
  5 frilled lizards
  4 rats (D:1)
42 creatures vanquished.

Notes
Turn   | Place    | Note
-------+----------+-------------------------------------------
     0 | D:1      | IdlyInterested the Demonspawn Gladiator began the quest for
                  | the Orb.
     0 | D:1      | Reached XP level 1. HP: 16/16 MP: 1/1
    70 | D:1      | Reached skill level 3 in Long Blades
    72 | D:1      | Gained mutation: Spells you cast may paralyse adjacent
                  | enemies. [demonic ancestry]
    72 | D:1      | Reached XP level 2. HP: 20/22 MP: 2/2
   342 | D:1      | Reached skill level 1 in Armour
   685 | D:1      | Gained mutation: You have a pair of small antennae on your
                  | head. [demonic ancestry]
   685 | D:1      | Reached XP level 3. HP: 23/27 MP: 3/3
   712 | D:1      | Reached skill level 1 in Short Blades
  1003 | D:2      | Reached skill level 1 in Stealth
  1329 | D:2      | Noticed Terence
  1356 | D:2      | Killed Terence
  1357 | D:2      | Reached XP level 4. HP: 31/34 MP: 4/4
  1747 | D:2      | Noticed Natasha
  1759 | D:2      | Slain by Natasha

Illustrated notes

Levels and vault maps discovered:
D:1:      dpeg_arrival_morbid_curiosity, layout_loops_ring
D:2:      layout_loops_ring, uniq_natasha, uniq_terence

Skill      XL: |  1  2  3 |
---------------+----------+-----
Long Blades    | 3 |  3.0
Armour         | 1 |  1.0
Short Blades   | 1 |  1.7
Stealth        | 1 |  1.0
Throwing       | 2 |  2.0
Fighting       | |  2.9
Dodging        | |  2.6
Shields        | |  0.7
Spellcasting   | |  0.1

Action                   |  1- 3 |  4- 6 || total
-------------------------+-------+-------++-------
Melee: Long sword        |   106 |       ||   106
       Short sword       |    35 |    35 ||    70
Throw: Stone             |     8 |       ||     8
       Throwing net      |     1 |       ||     1
  Use: Scroll            |     5 |       ||     5
       Potion            |     1 |       ||     1
 Stab: Sleeping          |     4 |     2 ||     6
       Held in net/web   |     1 |       ||     1
Armor: Leather armour    |    39 |     3 ||    42
Dodge: Dodged            |    81 |     5 ||    86
Block: Tower shield      |    16 |    13 ||    29

Table legend: (Time is in decaauts)
 A = Elapsed time spent in this place.
 B = Non-inter-level travel time spent in this place.
 C = Inter-level travel time spent in this place.
 D = Time resting spent in this place.
 E = Time spent auto-exploring this place.
 F = Levels seen in this place.
 G = Mean time per level.
                   A        B        C        D        E       F      G
               +--------+--------+--------+--------+--------+-----+--------+
         Total |   1804 |   1700 |    104 |    342 |    853 |   2 |  902.0 |
       Dungeon |   1804 |   1700 |    104 |    342 |    853 |   2 |  902.0 |
               +--------+--------+--------+--------+--------+-----+--------+

Top non-repeatable levels by time:
     D:1: 1090 daAuts
     D:2: 713 daAuts
